General information
- name: BNet
- type: Ladder team game (AT/RT)
- host: Battle.net
- saver: fineX
map: Monsoon
- players: 6
- length: 53:19
- speed: Fast
- version: 1.21 W3XP
- replay type: Public
» download(314 KB)
Players
team 1 (loser)
blg-b0ss (
red | 72 APM | 3474 actions | 48:12)
4 Far Seer
2 Feral Spirit
2 Chain Lighting
4 Tauren Chieftain
2 Shockwave
2 Endurance Aura
» actions
| Assign group hotkey | 93 | |
| Basic commands | 10 | |
| Build / train | 87 | |
| Enter build submenu | 30 | |
| Enter hero's abilities submenu | 8 | |
| Right click | 1892 | |
| Select / deselect | 609 | |
| Select group hotkey | 610 | |
| Use ability | 135 | |
3474 total
» units
| Peon | 25 | |
| Grunt | 6 | |
| Troll Batrider | 3 | |
| Tauren | 7 | |
| Troll Witch Doctor | 5 | |
| Demolisher | 12 | |
58 total
» upgrades
| Witch Doctor Training | 2 | |
| Pulverize | 1 | |
| Armor | 1 | |
| Reinforced Defenses | 1 | |
| Burning Oil | 1 | |
6 total
» buildings
| Altar of Storms | 1 | |
| Orc Burrow | 8 | |
| Barracks | 2 | |
| Stronghold | 2 | |
| Voodoo Lounge | 1 | |
| War Mill | 1 | |
| Fortress | 2 | |
| Spirit Lodge | 1 | |
| Beastiary | 1 | |
| Tauren Totem | 2 | |
| Watch Tower | 7 | |
| Great Hall | 2 | |
30 total
» build order
00:07 Altar of Storms
00:16 Orc Burrow
00:37 Barracks
01:40 Orc Burrow
02:51 Stronghold
02:52 Stronghold
03:16 Voodoo Lounge
03:51 Orc Burrow
04:40 War Mill
05:23 Fortress
05:23 Fortress
06:16 Orc Burrow
06:40 Spirit Lodge
06:45 Orc Burrow
07:35 Beastiary
08:12 Tauren Totem
08:59 Tauren Totem
09:02 Orc Burrow
14:45 Orc Burrow
15:08 Orc Burrow
15:40 Watch Tower
15:42 Watch Tower
15:46 Watch Tower
18:50 Barracks
19:03 Watch Tower
19:08 Watch Tower
19:33 Watch Tower
20:34 Watch Tower
34:29 Great Hall
43:33 Great Hall
» items
| Healing Salve | 1 | |
| Dust of Appearance | 1 | |
| Potion of Invisibility | 1 | |
3 total
p3dr0 (
blue | 52 APM | 2746 actions | 53:18)
3 Keeper of the Grove
2 Entangling Roots
1 Force of Nature
» actions
| Assign group hotkey | 178 | |
| Basic commands | 6 | |
| Build / train | 68 | |
| Enter build submenu | 30 | |
| Enter hero's abilities submenu | 4 | |
| Remove unit from queue | 1 | |
| Right click | 1488 | |
| Select / deselect | 477 | |
| Select group hotkey | 367 | |
| Use ability | 126 | |
2746 total
» units
| Wisp | 39 | |
| Huntress | 1 | |
| Glaive Thrower | 16 | |
56 total
» upgrades
| Strength of the Moon | 1 | |
| Ultravision | 1 | |
| Sentinel | 1 | |
| Vorpal Blades | 1 | |
4 total
» buildings
| Altar of Elders | 3 | |
| Moon Well | 8 | |
| Ancient of War | 5 | |
| Hunter's Hall | 2 | |
| Tree of Life | 3 | |
| Tree of Ages | 1 | |
| Ancient of Lore | 2 | |
| Ancient Protector | 6 | |
30 total
» build order
00:03 Altar of Elders
00:22 Altar of Elders
00:27 Moon Well
01:54 Ancient of War
01:57 Ancient of War
02:07 Hunter's Hall
02:10 Moon Well
02:51 Moon Well
06:06 Tree of Life
06:14 Tree of Life
06:33 Moon Well
07:01 Tree of Ages
09:30 Ancient of Lore
09:32 Ancient of Lore
11:11 Ancient of War
11:11 Ancient of War
12:11 Ancient Protector
12:13 Ancient Protector
12:15 Ancient Protector
12:17 Ancient Protector
12:40 Ancient Protector
12:42 Ancient Protector
19:40 Tree of Life
19:42 Moon Well
19:43 Moon Well
20:36 Moon Well
21:40 Altar of Elders
25:37 Hunter's Hall
25:39 Moon Well
25:43 Ancient of War
» items
SOLID.GOLD (
pink | 86 APM | 4216 actions | 49:17)
6 Death Knight
3 Death Coil
2 Unholy Aura
1 Animate Dead
5 Lich
3 Frost Nova
2 Frost Armor
5 Crypt Lord
3 Impale
2 Spiked Carapace
» actions
| Assign group hotkey | 55 | |
| Basic commands | 7 | |
| Build / train | 96 | |
| Enter build submenu | 20 | |
| Enter hero's abilities submenu | 17 | |
| Give item / drop item | 7 | |
| Right click | 2055 | |
| Select / deselect | 431 | |
| Select group hotkey | 1364 | |
| Use ability | 163 | |
4216 total
» units
| Acolyte | 9 | |
| Ghoul | 2 | |
| Crypt Fiend | 21 | |
| Obsidian Statue | 15 | |
47 total
» upgrades
| Creature Attack | 3 | |
| Creature Carapace | 3 | |
| Web | 1 | |
| Burrow | 1 | |
| Destroyer Form | 1 | |
9 total
» buildings
| Crypt | 1 | |
| Graveyard | 1 | |
| Ziggurat | 10 | |
| Altar of Darkness | 1 | |
| Tomb of Relics | 1 | |
| Halls of the Dead | 1 | |
| Black Citadel | 1 | |
| Slaughterhouse | 1 | |
| Nerubian Tower | 1 | |
| Spirit Tower | 1 | |
19 total
» build order
00:09 Crypt
00:12 Graveyard
00:40 Ziggurat
01:03 Altar of Darkness
01:25 Tomb of Relics
02:02 Ziggurat
04:18 Ziggurat
05:28 Halls of the Dead
05:58 Ziggurat
09:16 Black Citadel
09:21 Slaughterhouse
09:23 Ziggurat
09:56 Ziggurat
15:19 Ziggurat
39:00 Ziggurat
39:02 Ziggurat
39:04 Ziggurat
40:42 Nerubian Tower
40:43 Spirit Tower
» items
| Rod of Necromancy | 1 | |
| Scroll of Town Portal | 4 | |
| Dust of Appearance | 3 | |
| Scroll of Healing | 1 | |
| Orb of Corruption | 1 | |
| Potion of Healing | 4 | |
| Potion of Mana | 2 | |
16 total
team 2 (winner)
fineX (
orange | 60 APM | 3214 actions | 53:19)
7 Pit Lord
3 Rain of Fire
3 Cleaving Attack
1 Doom
» actions
| Assign group hotkey | 35 | |
| Basic commands | 2 | |
| Build / train | 72 | |
| Enter build submenu | 34 | |
| Enter hero's abilities submenu | 9 | |
| Give item / drop item | 4 | |
| Remove unit from queue | 6 | |
| Right click | 1727 | |
| Select / deselect | 409 | |
| Select group hotkey | 396 | |
| Use ability | 520 | |
3214 total
» units
» upgrades
| Ultravision | 1 | |
| Strength of the Wild | 1 | |
| Well Spring | 1 | |
3 total
» buildings
| Altar of Elders | 1 | |
| Moon Well | 21 | |
| Tree of Ages | 1 | |
| Tree of Life | 4 | |
| Ancient of Wind | 1 | |
| Tree of Eternity | 1 | |
| Hunter's Hall | 1 | |
| Chimaera Roost | 4 | |
34 total
» build order
00:04 Altar of Elders
00:06 Moon Well
02:32 Moon Well
03:55 Moon Well
05:07 Tree of Ages
05:13 Moon Well
06:10 Moon Well
07:00 Moon Well
07:04 Moon Well
07:26 Moon Well
07:59 Moon Well
08:54 Moon Well
09:08 Moon Well
09:43 Tree of Life
09:50 Moon Well
09:57 Ancient of Wind
10:13 Moon Well
10:42 Moon Well
11:36 Moon Well
12:16 Tree of Eternity
12:19 Hunter's Hall
13:49 Moon Well
15:00 Chimaera Roost
15:09 Chimaera Roost
17:40 Chimaera Roost
18:40 Chimaera Roost
20:14 Moon Well
21:03 Moon Well
22:25 Moon Well
23:55 Moon Well
25:00 Moon Well
27:20 Tree of Life
31:56 Tree of Life
36:41 Tree of Life
» items
| Periapt of Vitality | 2 | |
| Boots of Speed | 2 | |
| Lesser Clarity Potion | 1 | |
| Healing Salve | 1 | |
| Staff of Teleportation | 1 | |
| Scroll of Town Portal | 4 | |
| Orb of Lightning | 1 | |
12 total
GOKUMaN69 (
purple | 63 APM | 3343 actions | 53:18)
10 Blademaster
3 Wind Walk
3 Critical Strike
1 Bladestorm
3 Mirror Image
» actions
| Assign group hotkey | 2 | |
| Build / train | 70 | |
| Enter build submenu | 58 | |
| Enter hero's abilities submenu | 10 | |
| Give item / drop item | 2 | |
| Right click | 2221 | |
| Select / deselect | 619 | |
| Select group hotkey | 6 | |
| Use ability | 355 | |
3343 total
» units
» upgrades
| Liquid Fire | 1 | |
| Ranged Weapons | 1 | |
| Reinforced Defenses | 1 | |
3 total
» buildings
| Altar of Storms | 1 | |
| Orc Burrow | 5 | |
| War Mill | 1 | |
| Watch Tower | 39 | |
| Stronghold | 2 | |
| Voodoo Lounge | 2 | |
| Fortress | 1 | |
| Beastiary | 2 | |
| Great Hall | 5 | |
58 total
» build order
00:06 Altar of Storms
00:25 Orc Burrow
00:43 War Mill
02:07 Watch Tower
02:11 Watch Tower
02:31 Watch Tower
03:06 Stronghold
03:09 Watch Tower
04:12 Watch Tower
04:13 Watch Tower
04:21 Voodoo Lounge
04:38 Watch Tower
04:41 Watch Tower
05:25 Watch Tower
05:36 Watch Tower
06:03 Fortress
06:14 Watch Tower
06:47 Watch Tower
06:48 Watch Tower
06:53 Beastiary
06:54 Beastiary
06:55 Orc Burrow
06:56 Orc Burrow
07:07 Watch Tower
07:46 Watch Tower
10:07 Orc Burrow
11:04 Orc Burrow
12:55 Watch Tower
14:10 Watch Tower
14:11 Watch Tower
14:43 Watch Tower
15:37 Watch Tower
15:38 Watch Tower
20:33 Watch Tower
21:55 Watch Tower
24:10 Watch Tower
24:11 Watch Tower
24:12 Watch Tower
25:43 Watch Tower
25:44 Watch Tower
26:41 Watch Tower
29:25 Watch Tower
29:26 Watch Tower
29:27 Watch Tower
30:16 Watch Tower
30:35 Watch Tower
31:41 Watch Tower
31:42 Watch Tower
35:14 Watch Tower
35:15 Watch Tower
36:20 Watch Tower
37:01 Great Hall
38:29 Voodoo Lounge
51:50 Great Hall
51:54 Great Hall
52:05 Great Hall
53:00 Great Hall
» items
| Boots of Speed | 1 | |
| Staff of Teleportation | 1 | |
| Healing Salve | 2 | |
| Lesser Clarity Potion | 2 | |
| Orb of Lightning | 1 | |
| Scroll of Town Portal | 3 | |
10 total
KeKeZergRush (
teal | 61 APM | 3229 actions | 53:18)
4 Archmage
2 Blizzard
2 Brilliance Aura
3 Blood Mage
2 Flame Strike
1 Siphon Mana
» actions
| Assign group hotkey | 4 | |
| Basic commands | 1 | |
| Build / train | 90 | |
| ESC pressed | 6 | |
| Enter build submenu | 91 | |
| Enter hero's abilities submenu | 7 | |
| Right click | 1414 | |
| Select / deselect | 537 | |
| Select group hotkey | 858 | |
| Use ability | 220 | |
3229 total
» units
| Peasant | 23 | |
| Priest | 3 | |
| Sorceress | 2 | |
28 total
» upgrades
| Masonry | 1 | |
| Magic Sentry | 1 | |
| Priest Training | 2 | |
| Sorceress Training | 1 | |
5 total
» buildings
| Altar of Kings | 2 | |
| Lumber Mill | 3 | |
| Farm | 5 | |
| Scout Tower | 81 | |
| Arcane Tower | 3 | |
| Guard Tower | 34 | |
| Keep | 2 | |
| Town Hall | 2 | |
| Arcane Sanctum | 1 | |
| Castle | 1 | |
| Arcane Vault | 1 | |
135 total
» build order
00:07 Altar of Kings
00:13 Lumber Mill
00:19 Farm
01:38 Farm
01:48 Scout Tower
01:54 Scout Tower
01:59 Scout Tower
02:01 Scout Tower
02:16 Arcane Tower
02:21 Scout Tower
02:23 Scout Tower
02:25 Scout Tower
02:27 Guard Tower
02:29 Arcane Tower
02:33 Scout Tower
02:43 Scout Tower
03:12 Guard Tower
03:31 Scout Tower
03:34 Guard Tower
03:38 Scout Tower
03:44 Scout Tower
04:09 Guard Tower
04:12 Guard Tower
04:25 Scout Tower
04:27 Scout Tower
04:58 Guard Tower
05:01 Scout Tower
05:03 Scout Tower
05:13 Scout Tower
05:15 Scout Tower
05:17 Scout Tower
05:19 Scout Tower
05:42 Guard Tower
05:46 Guard Tower
06:12 Guard Tower
06:56 Guard Tower
07:01 Keep
07:05 Scout Tower
07:07 Scout Tower
07:46 Scout Tower
07:47 Scout Tower
07:57 Scout Tower
08:16 Scout Tower
08:17 Scout Tower
08:20 Scout Tower
08:22 Scout Tower
08:23 Scout Tower
08:24 Guard Tower
08:31 Guard Tower
08:39 Guard Tower
08:44 Scout Tower
08:45 Guard Tower
08:47 Scout Tower
08:49 Guard Tower
09:59 Scout Tower
10:00 Scout Tower
10:21 Town Hall
11:41 Scout Tower
11:42 Scout Tower
13:00 Lumber Mill
13:05 Altar of Kings
13:58 Farm
13:59 Farm
14:12 Scout Tower
14:13 Scout Tower
14:15 Guard Tower
14:22 Keep
14:42 Guard Tower
14:50 Scout Tower
14:55 Scout Tower
14:57 Scout Tower
15:10 Scout Tower
15:12 Scout Tower
15:13 Scout Tower
15:17 Guard Tower
15:17 Guard Tower
15:21 Scout Tower
15:23 Scout Tower
15:24 Scout Tower
15:24 Scout Tower
15:33 Guard Tower
16:01 Guard Tower
17:51 Guard Tower
19:04 Farm
19:56 Arcane Sanctum
21:06 Lumber Mill
22:45 Scout Tower
22:46 Scout Tower
22:47 Scout Tower
22:52 Scout Tower
22:53 Scout Tower
22:53 Scout Tower
23:59 Guard Tower
24:14 Scout Tower
24:14 Scout Tower
24:15 Scout Tower
24:16 Guard Tower
24:32 Guard Tower
25:07 Guard Tower
25:29 Guard Tower
25:31 Scout Tower
25:33 Scout Tower
25:36 Scout Tower
25:37 Scout Tower
25:55 Castle
26:01 Guard Tower
26:41 Guard Tower
26:42 Guard Tower
26:51 Scout Tower
26:52 Scout Tower
26:54 Scout Tower
33:06 Scout Tower
33:07 Scout Tower
33:08 Scout Tower
33:19 Scout Tower
33:20 Scout Tower
33:22 Scout Tower
34:01 Guard Tower
34:25 Scout Tower
34:27 Scout Tower
34:28 Scout Tower
34:29 Guard Tower
34:33 Scout Tower
34:35 Scout Tower
34:36 Scout Tower
34:39 Scout Tower
34:40 Scout Tower
34:42 Scout Tower
35:56 Guard Tower
39:13 Town Hall
41:17 Arcane Tower
41:25 Scout Tower
41:26 Scout Tower
41:55 Guard Tower
43:32 Arcane Vault
» items
| Boots of Speed | 2 | |
| Staff of Teleportation | 1 | |
| Scroll of Town Portal | 1 | |
| Orb of Lightning | 1 | |
| Lesser Clarity Potion | 2 | |
| Staff of Sanctuary | 1 | |
8 total
Chat log
(00:29 / Allies) KeKeZergRush: am and bm for me
(00:31 / Allies) KeKeZergRush: i guess
(01:32 / Allies) KeKeZergRush: rattle
(02:38 / All) fineX: brutillus
(02:50 / Allies) KeKeZergRush: and kotg
(03:47 / All) fineX: whers ur coil now imba ud
(03:51 / All) fineX: wheres ur coil now
(06:19 / Allies) KeKeZergRush: in base
(06:24 / Allies) KeKeZergRush: or tower line?
(10:10 / Allies) KeKeZergRush: like 40 lum please
(10:12 / Allies) KeKeZergRush: get main up here
(18:10 / All) p3dr0: expo too
(18:11 / Allies) KeKeZergRush: fiend incoming
(20:09 / All) blg-b0ss: why do u guys do this
(20:14 / All) KeKeZergRush: its fun
(20:19 / All) KeKeZergRush: why do ud mass fiends
(20:24 / All) KeKeZergRush: why do human mass rifles and sorc
(20:24 / All) SOLID.GOLD: cuz we win
(20:26 / All) fineX: its imba
(20:27 / All) KeKeZergRush: we like to be different
(20:32 / All) SOLID.GOLD: u like to lose
(36:38 / All) blg-b0ss: mh?
(36:39 / All) blg-b0ss: rofl
(38:18 / Allies) KeKeZergRush: lum to expo
(38:47 / Allies) KeKeZergRush: only 37 lum
(40:41 / Allies) KeKeZergRush: goin no
(42:30 / Allies) KeKeZergRush: they see spo
(44:57 / All) fineX: laggin faggin
(45:38 / All) fineX: D
(47:06 / All) blg-b0ss: mher
(47:07 / All) SOLID.GOLD: mh more plz
(47:08 / All) blg-b0ss: .
(48:00 / Allies) KeKeZergRush: trail of tears
(48:03 / Allies) KeKeZergRush: red
(48:25 / Allies) fineX: triple aoe orc
(48:27 / Allies) fineX: lets go
(48:53 / All) fineX: hey do u guys like doom guards
(48:57 / Allies) KeKeZergRush: ud spo
(49:09 / Allies) KeKeZergRush: hitting this
(49:15 / All) SOLID.GOLD: fuck this you win by default i have better things to do
(49:17 / All) SOLID.GOLD: lol
(52:02 / All) fineX: so
(52:07 / All) fineX: "we like losing" correct?
(52:11 / All) fineX: how come we winnin
(52:16 / All) KeKeZergRush: we won cause our maphack right
(52:37 / All) fineX: checking expos is mh apparently